 Dungeon Crawl Stone Soup version 0.31-a0-1589-g8f5e8aebd6 (webtiles) character file.

Game seed: 16025790835577148383

18434 pokeman the Eclecticist (level 12, -2/68 HPs)
             Began as a Deep Elf Hedge Wizard on Jan 5, 2024.
             Was an Elder of Vehumet.
             Shot with an arrow by a centaur warrior (22 damage)
             ... on level 13 of the Dungeon.
             The game lasted 00:34:11 (12862 turns).

pokeman the Eclecticist (Deep Elf Hedge Wizard)    Turns: 12862, Time: 00:34:12

Health: -2/68      AC:  5    Str:  7    XL:     12   Next: 27%
Magic:  6/34       EV: 12    Int: 25    God:    Vehumet [****..]
Gold:   760        SH:  0    Dex: 14    Spells: 21/44 levels left

rFire   . . .        q - +2 dagger (venom)
rCold   . . .        (no shield)
rNeg    . . .        T - +1 leather armour {rPois}
rPois   +            x - +0 helmet
rElec   .            (no cloak)
rCorr   .            (no gloves)
SInv    .            (no boots)
Will    ++...        w - amulet of regeneration
Stlth   ++           g - ring of willpower
HPRegen 1.11/turn    b - ring of wizardry
MPRegen 0.24/turn

%: wizardry (x1)
@: no status effects
A: no striking features
a: Renounce Religion


You were on level 13 of the Dungeon.
You worshipped Vehumet.
Vehumet was greatly pleased with you.
You visited 2 branches of the dungeon, and saw 14 of its levels.
You also visited: Bailey.

You collected 881 gold pieces.
You spent 121 gold pieces at shops.

Inventory:

Hand Weapons
 q - a +2 dagger of venom (weapon)
Missiles
 U - a curare-tipped dart
Armour
 n - a +2 leather armour of cold resistance
 x - a +0 helmet (worn)
 H - +0 acid dragon scales
 S - a +0 tower shield
 T - a +1 leather armour of poison resistance (worn)
Magical Staves
 f - a staff of death
 D - a staff of cold
Jewellery
 b - a ring of wizardry (right hand)
 g - a ring of willpower (left hand)
 w - an amulet of regeneration (around neck)
 y - a ring of flight
 Q - a ring of willpower
 R - a ring of see invisible
Wands
 s - a wand of quicksilver (21)
 t - a wand of mindburst (8)
 E - a wand of digging (6)
 L - a wand of polymorph (4)
Scrolls
 c - 3 scrolls of poison {unknown}
 h - 15 scrolls of identify {unknown}
 i - 4 scrolls of revelation {unknown}
 j - 9 scrolls of teleportation
 l - 6 scrolls of immolation {unknown}
 m - 3 scrolls of enchant armour {unknown}
 o - 3 scrolls of vulnerability {unknown}
 p - 5 scrolls of fear
 z - a scroll of acquirement {unknown}
 B - a scroll of summoning {unknown}
 J - a scroll of enchant weapon {unknown}
 K - a scroll of blinking
 N - a scroll of brand weapon {unknown}
 P - a scroll of torment {unknown}
Potions
 a - a potion of heal wounds {unknown}
 d - a potion of magic
 e - 8 potions of curing {unknown}
 k - 2 potions of lignification {unknown}
 r - 2 potions of mutation {unknown}
 u - a potion of enlightenment {unknown}
 v - a potion of berserk rage {unknown}
 A - 3 potions of resistance {unknown}
 C - 2 potions of haste {unknown}
 F - 2 potions of brilliance {unknown}
 G - a potion of cancellation {unknown}
 I - a potion of degeneration {unknown}
 M - a potion of might {unknown}
 O - a potion of experience


   Skills:
 + Level 5.1 Fighting
 - Level 5.0 Armour
 - Level 3.1 Dodging
 - Level 3.2 Stealth
 * Level 16.7 Spellcasting
 + Level 9.9 Conjurations
 - Level 1.1 Summonings
 - Level 6.0 Necromancy
 - Level 1.1 Translocations
 + Level 7.3 Fire Magic
 - Level 4.0 Ice Magic
 - Level 1.0 Air Magic
 - Level 1.0 Alchemy
 - Level 1.0 Evocations


You had 21 spell levels left.
You knew the following spells:

 Your Spells              Type           Power      Damage    Failure   Level
a - Magic Dart            Conj           100%       1d8       1%          1
b - Mephitic Cloud        Conj/Alch/Air  41%        N/A       1%          3
c - Call Imp              Summ           52%        N/A       1%          2
d - Blink                 Tloc           52%        N/A       1%          2
e - Dispel Undead         Necr           50%        3d19      1%          4
f - Starburst             Conj/Fire      29%        6d9       1%          6
g - Freezing Cloud        Conj/Ice/Air   23%        6-21      1%          5

Your spell library contained the following spells:

 Spells                   Type           Power      Damage    Failure   Level
 Iskenderun's Mystic Bla  Conj/Tloc      48%        2d11      1%          4
 Apportation              Tloc           52%        N/A       1%          1
 Kiss of Death            Conj/Necr      100%       2d13      1%          1
 Necrotise                Necr           100%       1d9       1%          1
 Slow                     Hex            80%        N/A       1%          1
 Sting                    Conj/Alch      100%       1d9       1%          1
 Summon Small Mammal      Summ           100%       N/A       1%          1
 Cigotuvi's Dreadful Rot  Necr/Alch/Air  68%        N/A       1%          2
 Ensorcelled Hibernation  Hex/Ice        62%        N/A       1%          2
 Lesser Beckoning         Tloc           52%        N/A       1%          2
 Mercury Vapours          Alch/Air       52%        N/A       1%          2
 Momentum Strike          Conj/Tloc      96%        3d10      1%          2
 Dazzling Flash           Conj/Hex       90%        N/A       1%          3
 Ozocubu's Armour         Ice            41%        N/A       1%          3
 Volatile Blastmotes      Fire/Tloc      84%        2d17      1%          3
 Jinxbite                 Hex            40%        N/A       2%          2
 Swiftness                Air            25%        N/A       2%          3
 Confusing Touch          Hex            20%        N/A       4%          3
 Passwall                 Erth           20%        N/A       4%          3
 Cause Fear               Hex            10%        N/A       14%         4
 Metabolic Englaciation   Hex/Ice        15%        N/A       16%         5
 Alistair's Intoxication  Alch           17%        N/A       24%         5
 Sculpt Simulacrum        Ice/Alch       16%        N/A       56%         6
 Maxwell's Capacitive Co  Air            12%        ∞         99%         8
 Discord                  Hex            10%        N/A       100%        8
 Disjunction              Tloc           13%        N/A       100%        8


Dungeon Overview and Level Annotations

Branches:
Dungeon (13/15)            Temple (1/1) D:6            Lair (0/5) D:11
    Orc (0/2) D:12         Vaults (0/5) D:13         Bailey (visited)

Altars:
Ashenzari
Cheibriados
Dithmenos
Elyvilon
Fedhas
Gozag
Hepliaklqana
Kikubaaqudgha
Makhleb
Nemelex Xobeh
Okawaru
Qazlal
Ru
Sif Muna
Trog
Uskayaw
Vehumet
Wu Jian
Xom
Yredelemnul
Zin
The Shining One
Lugonu

Shops:
D:3 (   D:7 =   D:11 *   D:12 *

Annotations:
D:8 2 transporters
D:12 3 runed translucent doors, exclusion: orange crystal statue


Message History

The vault guard looks very confused.
Casting: Mephitic Cloud (safe; 1% risk of failure)
Confirm with . or Enter, or press ? or * to list all spells.
You don't have enough magic to cast this spell.
Unknown command.
Unknown command.
The vault guard is engulfed in noxious fumes.
The vault guard appears confused.
The vault guard laughs at nothing.
The vault guard is engulfed in noxious fumes.
The two-headed ogre is engulfed in noxious fumes.
The two-headed ogre appears confused.
The two-headed ogre says, "Why is everything spinning?"
The vault guard screams, "I'll kill you anyway!"
The two-headed ogre is engulfed in noxious fumes.
The two-headed ogre is engulfed in noxious fumes.
The two-headed ogre appears confused.
The two-headed ogre is engulfed in noxious fumes.
A centaur warrior opens the door.
Casting: Mephitic Cloud (safe; 1% risk of failure)
Confirm with . or Enter, or press ? or * to list all spells.
Aiming: Mephitic Cloud (safe; 1% risk of failure)
Press: ? - help, Shift-Dir - straight line, f - centaur warrior
Aim: a centaur warrior (chance to affect: 53%)
The ball explodes into a vile cloud!
The stinking cloud engulfs the centaur warrior.
You hear an angry buzzing noise.
The centaur warrior is engulfed in noxious fumes.
The centaur warrior appears confused.
A meliai comes into view.
It is wielding a +1 war axe of freezing.
Unknown command.
The vault guard is engulfed in noxious fumes.
The vault guard appears confused.
The centaur warrior seems less confused.
The centaur warrior wields a +0 orcbow of freezing.
It is covered in frost.
The centaur warrior shoots an arrow.
The arrow hits you! The arrow freezes you.
* * * LOW HITPOINT WARNING * * *
The centaur warrior shoots an arrow.
The arrow hits you!!
You die...

#.........### :.
#.........# ##.#
...........# #..
...........# #.# ####
.........####.#####....
..###.#............. .
#.#.........#.#
#.#...........#
#.#.......@...######
#.................
#............##..
.............##
#............##
#.....#..###.##
#...#....###..##
............c.##.#...#.#
....####.....#....(..


You could see a centaur warrior.

Vanquished Creatures
  3 vault guards (D:13)
  A centaur warrior (D:13)
  2 two-headed ogres
  A harpy (shapeshifter) (D:13)
  2 deep elf pyromancers
  An orc knight (Bailey)
  A cyclops (D:11)
  A guardian serpent (D:11)
  A rime drake (D:11)
  2 komodo dragons
  2 kobold demonologists (D:12)
  A polar bear (D:11)
  A troll (D:10)
  Prince Ribbit (D:7)
  3 slime creatures (D:12)
  A shadow (D:13)
  17 yaks
  2 wraiths (D:12)
  Grum (D:11)
  2 steam dragons
  2 wargs (D:12)
  4 vampire mosquitoes (D:11)
  3 acid dragons
  A water moccasin (D:7)
  15 orc warriors
  3 ice beasts
  3 sky beasts
  A black bear (D:7)
  5 wolves
  2 ogres
  7 centaurs
  3 kobold brigands (D:12)
  6 bullfrogs
  4 scorpions
  8 wights
  6 killer bees
  2 howler monkeys
  7 orc priests
  2 hounds
  3 jellies
  4 iguanas
  Jessica (D:3)
  13 orc wizards
  3 gnolls (D:5)
  2 adders (D:6)
  A shadow imp (D:6)
  2 ufetubi (D:6)
  A dart slug (D:3)
  45 orcs
  10 ball pythons
  3 bats
  6 endoplasms
  7 giant cockroaches
  2 goblins
  5 hobgoblins
  4 jackals (D:4)
  2 quokkas
  2 frilled lizards
  6 kobolds
252 creatures vanquished.

Vanquished Creatures (others)
  An orc wizard (D:6)
1 creature vanquished.

Grand Total: 253 creatures vanquished

Notes
Turn   | Place    | Note
-------+----------+-------------------------------------------
     0 | D:1      | pokeman the Deep Elf Hedge Wizard began the quest for the
                  | Orb.
     0 | D:1      | Reached XP level 1. HP: 10/10 MP: 7/7
   331 | D:1      | Reached XP level 2. HP: 16/16 MP: 6/9
  1176 | D:2      | Reached skill level 5 in Spellcasting
  1364 | D:2      | Got the Papyrus of Spatial Beguiling
  1458 | D:2      | Reached XP level 3. HP: 14/20 MP: 3/11
  1462 | D:2      | Learned a level 3 spell: Mephitic Cloud
  1465 | D:2      | Learned a level 2 spell: Call Imp
  1468 | D:2      | Learned a level 2 spell: Blink
  1579 | D:2      | Found a faded altar of an unknown god.
  2208 | D:3      | Found Eduinigo's Antique Weapon Emporium.
  2384 | D:3      | Noticed Jessica
  2387 | D:3      | Killed Jessica
  2388 | D:3      | Reached skill level 1 in Fighting
  2388 | D:3      | Reached skill level 1 in Armour
  2454 | D:3      | Reached XP level 4. HP: 25/25 MP: 10/13
  2701 | D:3      | You fall into a shaft and drop 1 floor!
  2895 | D:4      | Reached skill level 6 in Spellcasting
  2914 | D:4      | Found a glowing silver altar of Zin.
  3371 | D:4      | Reached XP level 5. HP: 29/29 MP: 9/15
  3516 | D:5      | Entered Level 5 of the Dungeon
  3797 | D:5      | Reached XP level 6. HP: 32/34 MP: 14/17
  3805 | D:5      | Reached skill level 1 in Necromancy
  3904 | D:5      | Reached skill level 1 in Air Magic
  3904 | D:5      | Reached skill level 1 in Evocations
  3914 | D:5      | Reached skill level 1 in Alchemy
  3916 | D:5      | Reached skill level 7 in Spellcasting
  4539 | D:6      | Reached XP level 7. HP: 39/39 MP: 14/20
  4680 | D:6      | Reached skill level 8 in Spellcasting
  4972 | D:6      | Found a staircase to the Ecumenical Temple.
  4981 | Temple   | Entered the Ecumenical Temple
  4987 | Temple   | Became a worshipper of Vehumet
  5168 | D:6      | Learned a level 4 spell: Dispel Undead
  5388 | D:6      | Reached XP level 8. HP: 44/44 MP: 14/22
  5529 | D:6      | Found a hide-covered altar of Uskayaw.
  5552 | D:6      | Reached skill level 9 in Spellcasting
  5560 | D:6      | Found a shadowy altar of Dithmenos.
  5563 | D:6      | Found a blossoming altar of Fedhas.
  5563 | D:6      | Found a sparkling altar of Nemelex Xobeh.
  5570 | D:6      | Found an ancient bone altar of Kikubaaqudgha.
  5845 | D:7      | Reached skill level 5 in Conjurations
  5986 | D:7      | Reached skill level 10 in Spellcasting
  6269 | D:7      | Found Naxtiuq's Jewellery Boutique.
  6451 | D:7      | Noticed Prince Ribbit
  6462 | D:7      | Killed Prince Ribbit
  6462 | D:7      | Reached * piety under Vehumet
  6462 | D:7      | Offered knowledge of Sandblast by Vehumet.
  6463 | D:7      | Reached skill level 5 in Necromancy
  6463 | D:7      | Reached XP level 9. HP: 49/49 MP: 19/25
  6605 | D:7      | Reached skill level 11 in Spellcasting
  7215 | D:8      | Noticed a white ugly thing
  7216 | D:8      | Found a transporter.
  7216 | D:8      | Found a corrupted altar of Lugonu.
  7255 | D:8      | Found a transporter.
  7255 | D:8      | Noticed a brown ugly thing
  7257 | D:8      | Noticed a purple ugly thing
  7315 | D:8      | Found an opulent altar of Gozag.
  7330 | D:8      | Reached skill level 1 in Ice Magic
  7354 | D:8      | Found a sacrificial altar of Ru.
  7543 | D:8      | Found a bloodstained altar of Trog.
  7547 | D:8      | Found a shimmering blue altar of Sif Muna.
  7564 | D:8      | Learned a level 6 spell: Starburst
  7666 | D:9      | Learned a level 5 spell: Freezing Cloud
  7838 | D:9      | Reached skill level 1 in Fire Magic
  7870 | D:9      | Found a basalt altar of Yredelemnul.
  7872 | D:9      | Noticed a profane servitor
  7897 | D:9      | Reached skill level 12 in Spellcasting
  8001 | D:9      | Found a glowing golden altar of the Shining One.
  8003 | D:9      | Noticed an angel
  8114 | D:9      | Reached XP level 10. HP: 38/56 MP: 26/28
  8648 | D:10     | Entered Level 10 of the Dungeon
  8715 | D:10     | Offered knowledge of Static Discharge by Vehumet.
  8718 | D:10     | Reached ** piety under Vehumet
  8786 | D:10     | Found a flagged portal.
  8792 | Bailey   | Entered a bailey
  8866 | Bailey   | Reached skill level 13 in Spellcasting
  9239 | Bailey   | Identified the +7 executioner's axe of the Bespelling
                  | Shrike {flame, rC+ Will+ rCorr Stlth+}
  9239 | Bailey   | Noticed an orc knight
  9248 | Bailey   | Identified the +1 triple sword of the Equator {freeze,
                  | ^Fragile Int+3 Stlth+}
  9297 | Bailey   | Killed an orc knight
 10086 | D:11     | Noticed Grum
 10088 | D:11     | Reached skill level 14 in Spellcasting
 10089 | D:11     | Offered knowledge of Scorch by Vehumet.
 10090 | D:11     | Reached XP level 11. HP: 41/61 MP: 13/31
 10098 | D:11     | Killed Grum
 10335 | D:11     | Reached skill level 5 in Fire Magic
 10393 | D:11     | Reached *** piety under Vehumet
 10706 | D:11     | Found Kosid's Assorted Antiques.
 10715 | D:11     | Bought 2 amethyst potions for 59 gold pieces
 10715 | D:11     | Bought an amethyst potion for 29 gold pieces
 10734 | D:11     | Found a staircase to the Lair.
 10745 | D:11     | Bought a scroll labelled BUFE UZOARCHUO for 33 gold pieces
 10895 | D:11     | Reached skill level 15 in Spellcasting
 11366 | D:12     | Found a runed translucent door.
 11371 | D:12     | Offered knowledge of Olgreb's Toxic Radiance by Vehumet.
 11538 | D:12     | Found Iroeso's Elemental Accessories.
 11624 | D:12     | Noticed a deep elf pyromancer
 11627 | D:12     | Found a runed translucent door.
 11628 | D:12     | Killed a deep elf pyromancer
 11629 | D:12     | Reached skill level 5 in Armour
 11660 | D:12     | Noticed a two-headed ogre
 11669 | D:12     | Killed a two-headed ogre
 11793 | D:12     | Found a runed translucent door.
 12068 | D:12     | Reached **** piety under Vehumet
 12191 | D:12     | Found a staircase to the Orcish Mines.
 12257 | D:12     | Found a runed translucent door.
 12391 | D:12     | Noticed an orange crystal statue
 12661 | D:13     | Noticed a two-headed ogre
 12668 | D:13     | Killed a two-headed ogre
 12669 | D:13     | Reached skill level 16 in Spellcasting
 12825 | D:13     | Found a gate to the Vaults.
 12825 | D:13     | Noticed a centaur warrior
 12825 | D:13     | Noticed a two-headed ogre
 12825 | D:13     | Noticed a vault guard
 12825 | D:13     | Noticed a centaur warrior
 12825 | D:13     | Noticed a vault guard
 12825 | D:13     | Noticed a vault guard
 12825 | D:13     | Noticed a vault guard
 12825 | D:13     | Noticed a deep elf pyromancer
 12826 | D:13     | a cane toad changed into a harpy
 12826 | D:13     | Noticed a harpy (shapeshifter)
 12830 | D:13     | Killed a deep elf pyromancer
 12831 | D:13     | Reached XP level 12. HP: 50/67 MP: 17/34
 12831 | D:13     | Killed a centaur warrior
 12832 | D:13     | Killed a vault guard
 12832 | D:13     | Killed a vault guard
 12833 | D:13     | Reached skill level 5 in Fighting
 12834 | D:13     | Killed a vault guard
 12834 | D:13     | Offered knowledge of Iskenderun's Mystic Blast by Vehumet.
 12862 | D:13     | Shot with an arrow by a centaur warrior

Illustrated notes

Levels and vault maps discovered:
D:1:      minmay_arrival_loop, layout_loops_ring
D:2:      layout_loops_cross, hellmonk_ecumenical_altar_pennies_from_heaven,
          minivault_4, hangedman_abyss_or_decor_lesser_grid
D:3:      layout_basic, serial_shops, nicolae_lakefront_shop, uniq_jessica
D:4:      layout_cave_pools, mainiacjoe_overflow_chevrons
D:5:      layout_gridville
D:6:      layout_basic, nicolae_overflow_hallway_of_the_gods,
          minmay_temple_entry_overgrown, hangedman_decor_growths
D:7:      layout_basic, serial_shops, shop, chequers_mini_garden,
          interstate_on_off, nrook_mini_backslash, nicolae_lava_and_water,
          uniq_prince_ribbit1
D:8:      gammafunk_corrupted_shrine, layout_rooms,
          hellmonk_overflow_destroyed_library,
          mainiacjoe_overflow_concentric_impassable, grunt_gozag_statues
D:9:      layout_gridville, grunt_temple_overflow_holy_war
D:10:     layout_loops_ring, enter_bailey_2
D:11:     layout_layer_cave, hellmonk_lair_entry_icy, serial_shops, shop,
          minmay_statues_item, nrook_guardian_serpent_double, uniq_grum
D:12:     layout_loops_ring, david_orc_1_choice,
          hangedman_abyss_or_decor_passed, nicolae_elemental_shop,
          minmay_statue_crystal_thing
D:13:     layout_rooms, lightli_vaults_fourway_checkpoint,
          ebering_ghost_rock_garden, serial_shops, nicolae_shop_tiny_waterfront,
          uniq_kirke
Temple:   eino_wide_crystal_templ

Skill      XL: |  1  2  3  4  5  6  7  8  9 10 11 12 |
---------------+-------------------------------------+-----
Spellcasting   | 5 6 7 8 10 12 14 16 | 16.7
Fighting       | 1 2 3 4 5 |  5.1
Armour         | 1 2 3 4 5 |  5.0
Conjurations   | 2 3 4 5 6 8 9 |  9.9
Dodging        | 3 |  3.1
Stealth        | 3 |  3.2
Necromancy     | 1 3 5 6 |  6.0
Air Magic      | 1 |  1.0
Evocations     | 1 |  1.0
Alchemy        | 1 |  1.0
Ice Magic      | 2 4 |  4.0
Fire Magic     | 2 4 6 7 |  7.3
Summonings     | |  1.1
Translocations | |  1.1

Action                     |  1- 3 |  4- 6 |  7- 9 | 10-12 || total
---------------------------+-------+-------+-------+-------++-------
  Melee: Dagger            |    12 |    38 |   162 |   101 ||   313
         Punch             |       |     3 |     3 |     2 ||     8
   Cast: Magic Dart        |    84 |    57 |   120 |    51 ||   312
         Mephitic Cloud    |       |     9 |    28 |    30 ||    67
         Blink             |       |       |     3 |     2 ||     5
         Dispel Undead     |       |       |    10 |       ||    10
         Call Imp          |       |       |     4 |     2 ||     6
         Freezing Cloud    |       |       |     2 |    17 ||    19
         Starburst         |       |       |       |    47 ||    47
  Evoke: Wand              |       |       |     4 |     4 ||     8
    Use: Scroll            |       |       |       |     1 ||     1
   Stab: Confused          |       |     4 |    15 |    15 ||    34
         Sleeping          |       |       |       |     1 ||     1
 Armour: Robe              |     8 |    12 |   105 |    59 ||   184
         Leather armour    |       |       |       |    46 ||    46
  Dodge: Dodged            |    13 |    17 |    96 |    84 ||   210

Table legend: (Time is in decaauts)
 A = Elapsed time spent in this place.
 B = Non-inter-level travel time spent in this place.
 C = Inter-level travel time spent in this place.
 D = Time resting spent in this place.
 E = Time spent auto-exploring this place.
 F = Levels seen in this place.
 G = Mean time per level.
                   A        B        C        D        E       F      G
               +--------+--------+--------+--------+--------+-----+--------+
         Total |  12934 |  12322 |    612 |    231 |  10081 |  15 |  862.3 |
       Dungeon |  12178 |  11566 |    612 |    176 |   9642 |  13 |  936.8 |
        Temple |     12 |     12 |      0 |      0 |      0 |   1 |   12.0 |
        Bailey |    742 |    742 |      0 |     55 |    439 |   1 |  742.0 |
               +--------+--------+--------+--------+--------+-----+--------+

Top non-repeatable levels by time:
     D:7: 1284 daAuts
     D:6: 1239 daAuts
    D:11: 1160 daAuts
     D:1: 1141 daAuts
    D:12: 1119 daAuts
     D:9: 1062 daAuts
     D:5: 1012 daAuts
    D:10: 955 daAuts
     D:3: 910 daAuts
     D:2: 842 daAuts
  Bailey: 742 daAuts
     D:4: 622 daAuts
     D:8: 622 daAuts
    D:13: 204 daAuts
  Temple: 12 daAuts
